 Dungeon Crawl Stone Soup version 0.31.0-11-ge490571c62 (webtiles) character file.

Game seed: 548228608965600019

364 Nehushtan the Sneak (level 6, -2/40 (44) HPs)
             Began as a Gnoll Enchanter on Feb 5, 2024.
             Slain by Duvessa
             ... wielding a +0 short sword
              (9 damage)
             ... on level 5 of the Dungeon.
             The game lasted 00:09:35 (2960 turns).

Nehushtan the Sneak (Gnoll Enchanter)               Turns: 2960, Time: 00:09:37

HP:   -2/40 (44)    AC:  8    Str:  9    XL:     6   Next: 67%
MP:   8/14          EV: 11    Int: 15    God:
Gold: 103           SH:  0    Dex: 12    Spells: 5/15 levels left

rFire   . . .        f - +3 falchion
rCold   . . .        (no shield)
rNeg    . . .        h - +3 ring mail
rPois   .            (no helmet)
rElec   .            (no cloak)
rCorr   .            (no gloves)
SInv    .            (no boots)
Will    +....        (no amulet)
Stlth   ++           (no ring)
HPRegen 0.26/turn    (no ring)
MPRegen 0.14/turn

%: no passive effects
@: enlightened, flying, drained, invisible
A: fangs 1, strong nose, distributed training
a: no special abilities


You were on level 5 of the Dungeon.
You visited 1 branch of the dungeon, and saw 5 of its levels.

You collected 163 gold pieces.
You spent 60 gold pieces at shops.

Inventory:

Hand Weapons
 a - a +2 dagger
 f - a +3 falchion (weapon)
Armour
 b - a +0 robe
 h - a +3 ring mail (worn)
Potions
 c - a potion of invisibility


   Skills:
 + Level 2.1 Fighting
 + Level 3.3 Short Blades
 + Level 2.1 Long Blades
 + Level 2.1 Axes
 + Level 2.1 Maces & Flails
 + Level 2.1 Polearms
 + Level 2.1 Staves
 + Level 2.1 Ranged Weapons
 + Level 2.1 Throwing
 + Level 2.1 Armour
 + Level 5.0 Dodging
 + Level 6.3 Stealth
 + Level 2.1 Shields
 + Level 2.1 Unarmed Combat
 + Level 5.4 Spellcasting
 + Level 1.7 Conjurations
 + Level 5.7 Hexes
 + Level 1.7 Summonings
 + Level 1.7 Necromancy
 + Level 1.7 Translocations
 + Level 1.7 Fire Magic
 + Level 1.7 Ice Magic
 + Level 1.7 Air Magic
 + Level 1.7 Earth Magic
 + Level 1.7 Alchemy
 + Level 2.3 Invocations
 + Level 2.1 Evocations
 + Level 1.9 Shapeshifting


You had 5 spell levels left.
You knew the following spells:

 Your Spells              Type           Power      Damage    Failure   Level
a - Ensorcelled Hibernat  Hex/Ice        30%        N/A       14%         2
b - Call Imp              Summ           18%        N/A       30%         2
c - Tukima's Dance        Hex            21%        N/A       12%         3
d - Confusing Touch       Hex            21%        N/A       12%         3

Your spell library contained the following spells:

 Spells                   Type           Power      Damage    Failure   Level
 Dazzling Flash           Conj/Hex       30%        N/A       26%         3
 Sublimation of Blood     Necr           9%         N/A       30%         2
 Summon Hydra             Summ           4%         N/A       100%        7


Dungeon Overview and Level Annotations

Branches:
Dungeon (5/15)
 Temple: D:4-7

Altars:

Shops:
D:4 !

Annotations:
D:5 Dowan, Duvessa


Innate Abilities, Weirdness & Mutations

You have very sharp teeth.
Your uncanny sense of smell can sniff out nearby items.
Your experience applies equally to all skills.


Message History

You feel better.
It was a potion of enlightenment.
You feel very buoyant.
You fly up into the air.
Duvessa hits you with a +0 short sword.
You catch the helpless Duvessa completely off-guard!
You hit Duvessa.
Duvessa is lightly wounded.
Dowan closely misses you. Duvessa barely misses you.
You catch the helpless Duvessa completely off-guard!
You hit Duvessa.
Duvessa is moderately wounded.
Dowan points at you and mumbles some strange words.
The puff of flame misses you. Duvessa closely misses you.
You barely miss Duvessa.
Duvessa is moderately wounded.
Dowan casts a spell at Duvessa.
The puff of flame hits Duvessa!
Duvessa hits you with a +0 short sword. Duvessa closely misses you.
You catch the helpless Duvessa completely off-guard!
You hit Duvessa. You bite Duvessa.
Duvessa is severely wounded.
Duvessa closely misses you.
You barely miss Duvessa.
Duvessa is severely wounded.
Duvessa hits you with a +0 short sword!
You hit Duvessa but do no damage.
Duvessa is severely wounded.
Duvessa hits you with a +0 short sword!
* * * LOW HITPOINT WARNING * * *
You closely miss Duvessa.
Duvessa is severely wounded.
Duvessa closely misses you.
Unknown command.
You hit Duvessa.
Duvessa is severely wounded.
Duvessa hits you but does no damage.
You hit Duvessa.
Duvessa is almost dead.
Duvessa hits you with a +0 short sword!
You die...

.......## #....# ....+..
.....[..###....###.###..
....##.......>.........
.......................
...#..............#...
#.......†..........
##.#.<..######.#...
#.#.e..... ...#...
#@e......######...
#........+.......<
#........#####....
#.........# #....
#....###### #.... #....#
#.... ##+### #.... #....
####+


You could see Duvessa (unable to see you) and Dowan (unable to see you).

Vanquished Creatures
  An orc priest (D:4)
  A jelly (D:5)
  A gnoll bouda (D:5)
  A sleepcap (D:5)
  2 iguanas
  A gnoll (D:5)
  5 adders
  A dart slug (D:4)
  A ribbon worm (D:2)
  8 orcs
  5 endoplasms
  2 giant cockroaches (D:3)
  3 hobgoblins (D:3)
  3 jackals (D:1)
  3 quokkas
  8 ball pythons
  4 bats
  A frilled lizard (D:1)
  7 goblins
  4 kobolds
  2 rats
64 creatures vanquished.

Vanquished Creatures (collateral kills)
  An orc priest (D:4)
  4 gnolls (D:5)
  A hobgoblin (D:4)
6 creatures vanquished.

Vanquished Creatures (others)
  A dancing weapon (D:5)
1 creature vanquished.

Grand Total: 71 creatures vanquished

Notes
Turn   | Place    | Note
-------+----------+-------------------------------------------
     0 | D:1      | Nehushtan the Gnoll Enchanter began the quest for the Orb.
     0 | D:1      | Reached XP level 1. HP: 13/13 MP: 6/6
   492 | D:1      | Reached XP level 2. HP: 14/19 MP: 7/7
   513 | D:1      | Learned a level 2 spell: Ensorcelled Hibernation
   659 | D:2      | Learned a level 2 spell: Call Imp
   745 | D:2      | Reached skill level 5 in Spellcasting
   745 | D:2      | Reached XP level 3. HP: 25/25 MP: 7/9
   750 | D:2      | Learned a level 3 spell: Tukima's Dance
   754 | D:2      | Learned a level 3 spell: Confusing Touch
   877 | D:3      | Reached skill level 6 in Stealth
  1017 | D:3      | Reached skill level 1 in Invocations
  1125 | D:3      | Reached skill level 1 in Fighting
  1125 | D:3      | Reached skill level 1 in Long Blades
  1125 | D:3      | Reached skill level 1 in Axes
  1125 | D:3      | Reached skill level 1 in Maces & Flails
  1125 | D:3      | Reached skill level 1 in Polearms
  1125 | D:3      | Reached skill level 1 in Staves
  1125 | D:3      | Reached skill level 1 in Ranged Weapons
  1125 | D:3      | Reached skill level 1 in Throwing
  1125 | D:3      | Reached skill level 1 in Armour
  1125 | D:3      | Reached skill level 1 in Shields
  1125 | D:3      | Reached skill level 1 in Unarmed Combat
  1125 | D:3      | Reached skill level 1 in Evocations
  1467 | D:3      | Reached skill level 1 in Shapeshifting
  1467 | D:3      | Reached XP level 4. HP: 32/32 MP: 11/11
  1552 | D:4      | Reached skill level 1 in Conjurations
  1552 | D:4      | Reached skill level 1 in Summonings
  1552 | D:4      | Reached skill level 1 in Necromancy
  1552 | D:4      | Reached skill level 1 in Translocations
  1552 | D:4      | Reached skill level 1 in Fire Magic
  1552 | D:4      | Reached skill level 1 in Ice Magic
  1552 | D:4      | Reached skill level 1 in Air Magic
  1552 | D:4      | Reached skill level 1 in Earth Magic
  1552 | D:4      | Reached skill level 1 in Alchemy
  1572 | D:4      | Reached XP level 5. HP: 7/37 MP: 1/12
  2081 | D:4      | Found Jiomeiff's Distillery.
  2084 | D:4      | Bought a potion of heal wounds for 60 gold pieces
  2528 | D:5      | Entered Level 5 of the Dungeon
  2582 | D:5      | Reached XP level 6. HP: 31/44 MP: 6/13
  2584 | D:5      | Reached skill level 5 in Dodging
  2932 | D:5      | Noticed Duvessa
  2932 | D:5      | Noticed Dowan
  2960 | D:5      | Slain by Duvessa

Illustrated notes

Levels and vault maps discovered:
D:1:      dpeg_arrival_chambers_temple_mockup, layout_basic
D:2:      layout_loops_ring, basic_altar
D:3:      layout_loops_ring, dk_noncrumbling_3, amcnicky_mini_pool_small
D:4:      nicolae_cairo_tiling, layout_loops_ring, serial_shops, shop,
          grunt_decor_clamped
D:5:      cheibrodos_helix_gallery, layout_basic, uniq_duvessa

Skill      XL: |  1  2  3  4  5  6 |
---------------+-------------------+-----
Spellcasting   | 5 |  5.4
Stealth        | 6 |  6.3
Invocations    | 1 2 |  2.3
Fighting       | 1 2 |  2.1
Long Blades    | 1 2 |  2.1
Axes           | 1 2 |  2.1
Maces & Flails | 1 2 |  2.1
Polearms       | 1 2 |  2.1
Staves         | 1 2 |  2.1
Ranged Weapons | 1 2 |  2.1
Throwing       | 1 2 |  2.1
Armour         | 1 2 |  2.1
Shields        | 1 2 |  2.1
Unarmed Combat | 1 2 |  2.1
Evocations     | 1 2 |  2.1
Shapeshifting  | 1 |  1.9
Conjurations   | 1 |  1.7
Summonings     | 1 |  1.7
Necromancy     | 1 |  1.7
Translocations | 1 |  1.7
Fire Magic     | 1 |  1.7
Ice Magic      | 1 |  1.7
Air Magic      | 1 |  1.7
Earth Magic    | 1 |  1.7
Alchemy        | 1 |  1.7
Short Blades   | 3 |  3.3
Dodging        | 5 |  5.0
Hexes          | |  5.7

Action                     |  1- 3 |  4- 6 || total
---------------------------+-------+-------++-------
  Melee: Dagger            |    86 |    17 ||   103
         Bite              |     6 |     8 ||    14
         Punch             |     1 |     2 ||     3
         Falchion          |       |    87 ||    87
   Cast: Ensorcelled Hiber |     4 |     7 ||    11
         Tukima's Dance    |       |     9 ||     9
         Call Imp          |       |     2 ||     2
    Use: Scroll            |     4 |     3 ||     7
         Potion            |       |     7 ||     7
   Stab: Sleeping          |    15 |    12 ||    27
         Distracted        |     1 |       ||     1
         Invisible         |       |     4 ||     4
 Armour: Robe              |    38 |     8 ||    46
         Ring mail         |       |    81 ||    81
  Dodge: Dodged            |    54 |    68 ||   122
